 Dungeon Crawl Stone Soup version 0.28.0-47-ge53b351184 (webtiles) character file.

Game seed: 16929809327658552850

174 klau3 the Slasher (level 5, 0/67 HPs)
             Began as a Minotaur Gladiator on May 4, 2022.
             Slain by Duvessa
             ... wielding a +0 short sword
              (5 damage)
             ... on level 4 of the Dungeon.
             The game lasted 00:07:48 (3328 turns).

klau3 the Slasher (Minotaur Gladiator)              Turns: 3328, Time: 00:07:48

Health: 0/67       AC: 26    Str: 20      XL:     5   Next: 28%
Magic:  4/4        EV:  2    Int:  4 (5)  God:
Gold:   156        SH:  6    Dex: 12      Spells: 4/4 levels left

rFire   . . .      SeeInvis .   a - +0 long sword
rCold   . . .      Faith    .   t - +0 kite shield
rNeg    . . .      Spirit   .   (armour currently unavailable)
rPois   +          Reflect  .   (helmet currently unavailable)
rElec   .          Harm     .   (cloak currently unavailable)
rCorr   .          Rampage  .   (gloves currently unavailable)
Will    .....      NoTele   +   (boots currently unavailable)
Stlth   +.........              (no amulet)
HPRegen 0.21/turn               j - +4 ring of protection
MPRegen 0.09/turn               (no ring)

@: tree-form
A: stationary, stasis, torment immunity, boosted hp, (horns 2), (retaliatory
headbutt)
a: no special abilities


You were on level 4 of the Dungeon.
You were a tree.
You visited 1 branch of the dungeon, and saw 4 of its levels.

You collected 156 gold pieces.

Inventory:

Hand Weapons
 a - a +0 long sword (weapon)
 h - a +1 dagger of draining
 r - a +0 war axe
Missiles
 i - 4 poisoned darts
 k - 28 bolts
 q - 4 boomerangs of dispersal (quivered)
Armour
 b - a +0 leather armour
 c - a +0 hat (melded)
 f - a +0 leather armour
 o - a +0 scale mail (melded)
 t - a +0 kite shield (worn)
Jewellery
 j - a +4 ring of protection (left branch)
Wands
 s - a wand of acid (6)
Scrolls
 g - a scroll of teleportation
 n - a scroll of enchant armour
 u - a scroll of noise
Potions
 l - 2 potions of degeneration
 m - a potion of magic {unknown}


   Skills:
 + Level 3.1 Fighting
 + Level 5.5 Long Blades
 + Level 2.1 Throwing
 + Level 2.1 Armour
 + Level 4.2 Dodging
 + Level 0.4 Stealth


You had 4 spell levels left.
You didn't know any spells.
Your spell library was empty.

Dungeon Overview and Level Annotations

Branches:
Dungeon (4/15)
 Temple: D:4-7

Altars:
Dithmenos
Trog

Annotations:
D:4 Duvessa


Innate Abilities, Weirdness & Mutations

You are a tree.
Your roots penetrate the ground, keeping you stationary.
You cannot be teleported.
You are immune to unholy pain and torment.
Your maximum health is greatly increased.
Your equipment is partially melded.
((You have a pair of horns on your head.))
((You reflexively headbutt those who attack you in melee.))


Message History

Things that are here:
a +0 dagger; a +0 robe; the elf corpse of Dowan You hit Duvessa but do no damage.
Duvessa closely misses you. You block Duvessa's attack.
You closely miss Duvessa. Duvessa hits you with a +0 short sword.
Duvessa hits you with a +0 short sword!
* * * LOW HITPOINT WARNING * * *
You hit Duvessa but do no damage. You headbutt Duvessa, but do no damage.
Duvessa is lightly wounded.
Duvessa hits you with a +0 short sword.
* * * LOW HITPOINT WARNING * * *
Duvessa closely misses you.
Throw: 6 boomerangs (disperse)
Press: ? - help, Q - select action, (/) - cycle Shift-Dir - straight line, f/p - Duvessa
Aim: Duvessa, wielding a +0 short sword, wearing a +0 chain mail of willpower and carrying a wand of flame (12) (lightly wounded, berserk, poisoned, 70% to hit)
You throw a boomerang of dispersal.
The boomerang of dispersal hits Duvessa.
Duvessa blinks!
Duvessa is lightly wounded.
Duvessa looks more healthy.
Throw: 5 boomerangs (disperse)
Press: ? - help, Q - select action, (/) - cycle Shift-Dir - straight line, f/p - Duvessa
Aim: Duvessa, wielding a +0 short sword, wearing a +0 chain mail of willpower and carrying a wand of flame (12) (lightly wounded, berserk, 70% to hit)
You throw a boomerang of dispersal.
The boomerang of dispersal hits Duvessa but does no damage.
Duvessa is lightly wounded.
Really quaff the potion of lignification? [Y]es or [N]o only, please.
Really quaff the potion of lignification?
You turn into a tree.
Your +0 hat melds into your body.
Your +0 scale mail melds into your body.
Your roots penetrate the ground.
Duvessa hits you with a +0 short sword.
* * * LOW HITPOINT WARNING * * *
You feel better. You block Duvessa's attack.
Duvessa hits you with a +0 short sword!
* * * LOW HITPOINT WARNING * * *
You barely miss Duvessa.
Duvessa is lightly wounded.
Duvessa hits you with a +0 short sword.
You die...

. ##. #.+#######
#.#...≈... . .
#.#._.≈._. .#.
#(#...≈...## #..
####.########'###.##.
#..e♣................
#..#.(...####.###.###
....#######...†.###..##
.....# #..######.....
...... ###.#.......####
....." #.....#######
..... #...#### .....
####


You could see Duvessa (berserk).

Vanquished Creatures
  Dowan (D:4)
  5 adders
  3 worms
  2 dart slugs (D:2)
  8 bats
  4 endoplasms
  2 giant cockroaches
  6 goblins
  5 hobgoblins
  4 jackals (D:1)
  7 kobolds
  9 quokkas
  7 ball pythons
  4 frilled lizards
  5 rats
72 creatures vanquished.

Notes
Turn   | Place    | Note
-------+----------+-------------------------------------------
     0 | D:1      | klau3 the Minotaur Gladiator began the quest for the Orb.
     0 | D:1      | Reached XP level 1. HP: 18/18 MP: 0/0
    96 | D:1      | Found a faded altar of an unknown god.
   212 | D:1      | Reached XP level 2. HP: 13/25 MP: 1/1
   658 | D:1      | Reached skill level 4 in Long Blades
   821 | D:1      | Reached XP level 3. HP: 18/30 MP: 2/2
  1298 | D:2      | Reached skill level 1 in Armour
  1789 | D:2      | Reached XP level 4. HP: 23/38 MP: 3/3
  2564 | D:3      | Reached skill level 5 in Long Blades
  3297 | D:4      | Found a bloodstained altar of Trog.
  3298 | D:4      | Found a shadowy altar of Dithmenos.
  3308 | D:4      | Noticed Duvessa
  3309 | D:4      | Noticed Dowan
  3318 | D:4      | Killed Dowan
  3319 | D:4      | Reached XP level 5. HP: 36/45 MP: 4/4
  3326 | D:4      | HP: 3/67 [Duvessa/+0 short sword (5)]
  3328 | D:4      | Slain by Duvessa

Illustrated notes

Levels and vault maps discovered:
D:1:      lemuel_arrival_tunnels, layout_loops_ring,
          shapermc_ecumenical_altar_starsandcircs
D:2:      layout_loops_ring, kennysheep_generic_room_12
D:3:      layout_loops_ring, kennysheep_generic_room_10
D:4:      layout_rooms, mainiacjoe_overflow_divided_tiny,
          gammafunk_ghost_nasty_kobolds, uniq_duvessa

Skill      XL: |  1  2  3  4 |
---------------+-------------+-----
Long Blades    | 4 5 |  5.5
Armour         | 1 2 |  2.1
Dodging        | 4 |  4.2
Fighting       | 3 |  3.1
Throwing       | |  2.1
Stealth        | |  0.4

Action                   |  1- 3 |  4- 6 || total
-------------------------+-------+-------++-------
Melee: Long sword        |    90 |    62 ||   152
       Headbutt          |    10 |     9 ||    19
       Punch             |     1 |     1 ||     2
Throw: Throwing net      |       |     3 ||     3
       Boomerang         |       |     2 ||     2
       Dart              |       |     1 ||     1
  Use: Potion            |     4 |     2 ||     6
       Scroll            |     1 |     2 ||     3
Armor: Leather armour    |    45 |    18 ||    63
       Scale mail        |       |     7 ||     7
Dodge: Dodged            |    77 |    46 ||   123
Block: Kite shield       |       |     2 ||     2
